 Dungeon Crawl Stone Soup version 0.22-a0-162-g33bf127 (webtiles) character file.

1262 halftheisland the Shooter (level 8, -6/68 HPs)
             Began as a Minotaur Hunter on Feb 12, 2018.
             Mangled by a gnoll sergeant
             ... wielding a +0 trident
              (7 damage)
             ... on level 6 of the Dungeon.
             The game lasted 00:26:29 (5293 turns).

halftheisland the Shooter (Minotaur Hunter)         Turns: 5293, Time: 00:26:30

Health: -6/68      AC: 17    Str: 22 (23) XL:     8   Next: 27%
Magic:  0/7        EV: 12    Int: 14      God:
Gold:   259        SH:  0    Dex: 17      Spells: 3/7 levels left

rFire    . . .     SeeInvis +   e - +4 quarterstaff (chaos)
rCold    x . .     Gourm    .   (shield currently unavailable)
rNeg     + + .     Faith    .   A - +1 plate armour "Zaeb Haz" {rC- rN++ Int+4} (curse)
rPois    .         Spirit   +   (helmet unavailable)
rElec    .         Reflect  .   k - +0 cloak
rCorr    .         Harm     .   (no gloves)
MR       .....                  (no boots)
Stlth    ..........             i - amulet of guardian spirit
HPRegen  0.21/turn              h - ring of see invisible
MPRegen  0.10/turn              b - +4 ring of protection

@: mighty, agile, hasted, very quick
A: retaliatory headbutt, horns 3, clever 1
a: no special abilities


You were on level 6 of the Dungeon.
You were not hungry.

You visited 1 branch of the dungeon, and saw 6 of its levels.

You collected 259 gold pieces.

Inventory:

Hand Weapons
 a - a +1 shortbow
 e - a +4 quarterstaff of chaos (weapon)
 n - a +0 hand axe
 q - a +0 hunting sling
Missiles
 l - 205 stones (quivered)
 m - a throwing net
 o - 12 arrows
 p - 63 bolts
 s - 14 poisoned needles
Armour
 c - a +0 leather armour
 k - a +0 cloak (worn)
 u - a +0 leather armour of fire resistance
 A - the cursed +1 plate armour "Zaeb Haz" (worn) {rC- rN++ Int+4}
   (You found it on level 4 of the Dungeon)

   It affects your intelligence (+4).
   It makes you vulnerable to cold.
   It greatly protects you from negative energy.
   It has a curse placed upon it.
 H - a +1 scale mail of cold resistance
Jewellery
 b - a +4 ring of protection (right hand)
 h - a ring of see invisible (left hand)
 i - an amulet of guardian spirit (around neck)
 j - an uncursed ring of resist corrosion
 F - a +2 ring of strength {unknown}
Wands
 D - a wand of flame (16)
Scrolls
 r - 4 scrolls of fear
 t - 2 scrolls of remove curse
 v - 3 scrolls of teleportation
 E - a scroll of amnesia
Potions
 g - a potion of agility
 z - a potion of curing
Books
 B - Mullalowk's Papyrus of the Escort
   (You found it on level 5 of the Dungeon)

   Spells                             Type                      Level
   a - Summon Butterflies             Summoning                    1
   b - Call Canine Familiar           Summoning                    3
   c - Summon Ice Beast               Ice/Summoning                4
   d - Summon Forest                  Summoning/Translocation      5
   e - Malign Gateway                 Summoning/Translocation      7
Comestibles
 f - 14 rations


   Skills:
 + Level 5.0 Fighting
 * Level 6.1 Staves
 + Level 4.6 Slings
 + Level 7.0 Bows
 + Level 3.4 Armour
 + Level 2.7 Dodging
 - Level 1.1 Stealth


You had 3 spell levels left.
You knew the following spells:

 Your Spells              Type           Power        Failure   Level  Hunger
a - Summon Butterflies    Summ           #.......     100%        1    ##.....
b - Call Canine Familiar  Summ           #.......     100%        3    ####...


Dungeon Overview and Level Annotations

Branches:
Dungeon (6/15)
 Temple: D:4-7

Altars:
Okawaru
Xom

Shops:
D:4 =


Innate Abilities, Weirdness & Mutations

You reflexively headbutt those who attack you in melee.
You have a pair of large horns on your head.
Your mind is acute. (Int +2)


Message History

The orc warrior barely misses you.
The iron imp hits you but does no damage.
An orc warrior comes into view. It is wielding a great sword.
You feel agile all of a sudden.
The orc warrior shouts!
You hear a shout!
Eustachio closely misses you. The gnoll sergeant barely misses you.
The orc hits you but does no damage. x2
The orc warrior hits you with a great sword!
* * * LOW HITPOINT WARNING * * *
Your plate armour "Zaeb Haz" prevents you from hitting Eustachio.
You kill Eustachio!
The iron imp disappears in a puff of smoke!
You feel your intelligence returning.
Your Fighting skill increases to level 5!
Your Staves skill increases to level 6!
The centaur shoots an arrow.
The arrow hits you but does no damage.
The orc warrior hits you with a great sword!
* * * LOW HITPOINT WARNING * * *
The gnoll sergeant hits you from afar with a trident!
You die...

.............#....#..
.............c.......
..#...........#......
.####.....)##........
####....##.##........ #
#...####..(....# . #
#...# ####(.#...##..#
###.### #..###......
......# #.c)@ooZ..#
......### #...aoo.#....
...............g........
......######.#..........
......# #.#..###.....
......# #.#..#)#o....
......# .....###.....
####### .%... ..#.#


You could see 3 orc warriors, a gnoll sergeant, a centaur, a worker ant, 2 orcs
and a centaur skeleton.

Vanquished Creatures
  Eustachio (D:6)
  A phantom (D:5)
  An orc warrior (D:6)
  An ogre (D:4)
  A centaur (D:4)
  2 scorpions (D:6)
  A howler monkey (D:5)
  A crimson imp (D:5)
  Crazy Yiuf (D:2)
  A hound (D:5)
  A bullfrog skeleton (D:5)
  A centaur skeleton (D:5)
  2 orc wizards
  2 orc priests (D:5)
  An iguana (D:4)
  4 worker ants
  A gnoll (D:3)
  11 adders
  A shadow imp (D:5)
  A worm (D:3)
  3 dart slugs
  4 leopard geckos
  23 orcs
  3 ball pythons
  13 bats
  8 giant cockroaches
  10 goblins
  10 hobgoblins
  4 jackals (D:2)
  A quokka (D:4)
  A frilled lizard (D:2)
  5 kobolds (D:2)
  A leopard gecko skeleton (D:5)
  13 rats
135 creatures vanquished.

Notes
Turn   | Place    | Note
-------+----------+-------------------------------------------
     0 | D:1      | halftheisland the Minotaur Hunter began the quest for the Orb.
     0 | D:1      | Reached XP level 1. HP: 18/18 MP: 0/0
    69 | D:1      | Reached XP level 2. HP: 26/26 MP: 1/1
   375 | D:1      | Reached skill level 5 in Bows
   480 | D:1      | Reached XP level 3. HP: 31/31 MP: 2/2
  1659 | D:2      | Found a burning altar of Makhleb.
  1661 | D:2      | Found a glowing silver altar of Zin.
  1661 | D:2      | Found a blossoming altar of Fedhas.
  1663 | D:2      | Found a glowing silver altar of Zin.
  1663 | D:2      | Found a shimmering altar of Xom.
  1663 | D:2      | Found a shadowy altar of Dithmenos.
  1842 | D:2      | Reached skill level 1 in Armour
  1842 | D:2      | Reached XP level 4. HP: 38/38 MP: 3/3
  1897 | D:2      | Reached skill level 1 in Stealth
  1998 | D:2      | Found a runed door.
  2000 | D:2      | Gained mutation: Your mind is acute. (Int +2) [potion of mutation]
  2000 | D:2      | Gained mutation: You have a pair of large horns on your head. [potion of mutation]
  2006 | D:2      | Noticed Crazy Yiuf
  2026 | D:2      | Killed Crazy Yiuf
  2272 | D:3      | Reached skill level 6 in Bows
  2533 | D:3      | Reached XP level 5. HP: 44/45 MP: 4/4
  2544 | D:3      | Reached skill level 1 in Slings
  2792 | D:3      | Found a glowing drain.
  3440 | D:4      | Reached skill level 1 in Staves
  3467 | D:4      | Noticed a centaur
  3474 | D:4      | Killed a centaur
  3474 | D:4      | Reached XP level 6. HP: 39/52 MP: 1/5
  3613 | D:4      | Got an ichor-stained plate armour
  3614 | D:4      | Identified the cursed +1 plate armour "Zaeb Haz" {rC- rN++ Int+4} (You found it on level 4 of the Dungeon)
  3886 | D:4      | Found Cieze's Jewellery Shop.
  3974 | D:4      | Found an iron altar of Okawaru.
  4159 | D:5      | Entered Level 5 of the Dungeon
  4173 | D:5      | Reached XP level 7. HP: 43/59 MP: 3/6
  4459 | D:5      | Identified Mullalowk's Papyrus of the Escort
  4489 | D:5      | Learned a level 1 spell: Summon Butterflies
  4493 | D:5      | Learned a level 3 spell: Call Canine Familiar
  4694 | D:5      | Reached skill level 7 in Bows
  5083 | D:6      | Reached skill level 5 in Staves
  5183 | D:6      | Reached XP level 8. HP: 65/67 MP: 7/7
  5281 | D:6      | Noticed Eustachio
  5293 | D:6      | Killed Eustachio
  5293 | D:6      | Reached skill level 5 in Fighting
  5293 | D:6      | HP: 1/68 [orc warrior/great sword (8)]
  5293 | D:6      | Mangled by a gnoll sergeant

Vault maps used:
D:1:      dpeg_arrival_stone_temple_mockup
D:2:      doesnt_xom_only_xom, uniq_crazy_yiuf_cottage
D:3:      minmay_door_path, gup_sewer_entry_glass, first_ration
D:4:      serial_shops, shop_statue, corexii_shack, lemuel_statue_altar
D:6:      overflow_temple_1_default, dk_noncrumbling_3, sword_in_stone

Skill      XL: |  1  2  3  4  5  6  7  8 |
---------------+-------------------------+-----
Fighting       | 3 4 5 |  5.0
Bows           | 5 6 7 |  7.0
Armour         | 1 2 3 |  3.4
Stealth        | 1 |  1.1
Slings         | 2 3 4 |  4.6
Staves         | 2 3 5 6 |  6.1
Dodging        | |  2.7

Action                   |  1- 3 |  4- 6 |  7- 9 || total
-------------------------+-------+-------+-------++-------
Melee: Quarterstaff      |       |    38 |    67 ||   105
       Short sword       |       |     5 |       ||     5
       Headbutt          |       |     7 |    15 ||    22
 Fire: Shortbow          |   104 |    31 |    29 ||   164
       Hunting sling     |       |    75 |    35 ||   110
Throw: Stone             |       |     4 |     3 ||     7
  Use: Scroll            |     6 |     2 |     9 ||    17
       Potion            |       |     5 |     7 ||    12
 Stab: Paralysed         |       |       |     1 ||     1
  Eat: Ration            |     1 |     3 |       ||     4
Armor: Leather armour    |     6 |    14 |       ||    20
       Plate armour      |       |    15 |    61 ||    76
Dodge: Dodged            |    14 |    59 |    39 ||   112

Table legend:
 A = Spawn XP
 B = Non-spawn XP
 C = Spawn XP percentage of total XP
 D = Spawn monster count
 E = Non-spawn monster count
 F = Spawn count percentage of total count
 G = Total turns spent on level
                    A         B        C        D         E        F      G
               +---------+---------+-------+---------+---------+-------+---------
         Total |       0 |    1804 |   0.0 |       0 |     135 |   0.0 |  5293
               +---------+---------+-------+---------+---------+-------+---------
           D:1 |       0 |      59 |   0.0 |       0 |      33 |   0.0 |  1082
           D:2 |       0 |     101 |   0.0 |       0 |      22 |   0.0 |  1189
           D:3 |       0 |     168 |   0.0 |       0 |      28 |   0.0 |  1135
           D:4 |       0 |     350 |   0.0 |       0 |      12 |   0.0 |   753
           D:5 |       0 |     576 |   0.0 |       0 |      30 |   0.0 |   822
           D:6 |       0 |     550 |   0.0 |       0 |      10 |   0.0 |   312
               +---------+---------+-------+---------+---------+-------+---------
